 Dungeon Crawl Stone Soup version 0.31.0-1-g2c135a0 (webtiles) character file.

Game seed: 17574618098962797071

400133 jagoly the Destroyer (level 21, -21/177 HPs)
             Began as a Demigod Conjurer on Feb 4, 2024.
             Demolished by an Orb Guardian (30 damage)
             ... on level 5 of the Realm of Zot.
             The game lasted 06:40:50 (58291 turns).

jagoly the Destroyer (Demigod Conjurer)            Turns: 58291, Time: 06:40:51

Health: -21/177    AC: 16    Str:  8    XL:     21   Next: 3%
Magic:  28/43      EV: 14    Int: 60    God:
Gold:   2283       SH: 17    Dex: 12    Spells: 3/45 levels left

rFire   + + +        a - +9 eveningstar (protect)
rCold   + + .        R - +5 kite shield {AC+3}
rNeg    + . .        L - +3 leather armour of the Cartwright {rF+ rC+ Will+ Int+2}
rPois   +            v - +2 helmet {SInv}
rElec   +            n - scarf {repulsion}
rCorr   +            (no gloves)
SInv    +            y - +1 pair of boots of the Sea {rCorr Int+3}
Will    +++..        U - amulet of regeneration
Stlth   +            w - ring of protection from fire
HPRegen 1.29/turn    Z - ring of Uguelie {rN+ rCorr Int+7}
MPRegen 0.28/turn

%: repel missiles
@: resistant
A: high MP 1, forlorn, divine attributes, see invisible
0: Orb of Zot
}: 3/15 runes: decaying, serpentine, abyssal
a: no special abilities


You were on level 5 of the Realm of Zot.
You visited 8 branches of the dungeon, and saw 42 of its levels.
You visited the Abyss 2 times.
You also visited: Ice Cave.

You collected 3822 gold pieces.
You spent 1539 gold pieces at shops.

Inventory:

Hand Weapons
 a - a +9 eveningstar of protection (weapon)
 b - the +11 mace "Caitumyu" {protect, rElec rN+++ Str+3 Int-5}
   (You found it on level 9 of the Dungeon)

   Str+3:     It affects your strength (+3).
   Int-5:     It affects your intelligence (-5).
   rElec:     It insulates you from electricity.
   rN+++:     It renders you almost immune to negative energy.
Missiles
 o - 14 curare-tipped darts
 r - 28 boomerangs (quivered)
 E - 4 throwing nets
 X - 4 silver javelins
Armour
 n - a scarf of repulsion (worn)
 v - a +2 helmet of see invisible (worn)
 y - the +1 pair of boots of the Sea (worn) {rCorr Int+3}
   (You acquired it in an ice cave)

   Int+3:     It affects your intelligence (+3).
   rCorr:     It protects you from acid and corrosion.
 L - the +3 leather armour of the Cartwright (worn) {rF+ rC+ Will+ Int+2}
   (You took it off an orc on level 6 of the Dungeon)

   Int+2:     It affects your intelligence (+2).
   rF+:       It protects you from fire.
   rC+:       It protects you from cold.
   Will+:     It increases your willpower.
 O - the +10 storm dragon scales of Purpose {rElec Str+5}
   (You found it on level 3 of the Elven Halls)

   Str+5:     It affects your strength (+5).
   rElec:     It insulates you from electricity.
 R - a +5 kite shield of protection (worn)
Jewellery
 s - a ring of poison resistance
 u - a ring of willpower
 w - a ring of protection from fire (left hand)
 S - a ring of protection from cold
 U - an amulet of regeneration (around neck)
 V - a ring of protection from fire
 Z - the ring of Uguelie (right hand) {rN+ rCorr Int+7}
   (You found it on level 5 of the Lair of Beasts)

   [ring of resist corrosion]

   Int+7:     It affects your intelligence (+7).
   rN+:       It protects you from negative energy.
   rCorr:     It protects you from acid and corrosion.
Wands
 m - a wand of flame (39)
 x - a wand of iceblast (20)
 H - a wand of acid (12)
 P - a wand of digging (9)
 W - a wand of mindburst (16)
Scrolls
 d - 9 scrolls of vulnerability
 i - 2 scrolls of teleportation
 k - a scroll of fog
 p - 3 scrolls of fear
 q - 5 scrolls of poison
 B - a scroll of enchant weapon
 K - 7 scrolls of immolation
 M - 2 scrolls of torment
 Q - 2 scrolls of enchant armour
Potions
 e - a potion of magic
 f - 4 potions of curing
 g - a potion of haste
 h - 4 potions of brilliance
 t - 6 potions of might
 C - 7 potions of mutation
 G - 3 potions of heal wounds
 T - a potion of ambrosia
 Y - a potion of resistance
Miscellaneous
 l - a tin of tremorstones (2/2)
 F - a phial of floods (inert)


   Skills:
 - Level 12.8 Fighting
 - Level 12.8 Maces & Flails
 - Level 2.0 Throwing
 + Level 10.4 Armour
 + Level 10.4 Dodging
 - Level 8.0 Stealth
 - Level 12.8 Shields
 - Level 12.8 Spellcasting
 - Level 12.9 Conjurations
 - Level 10.0 Necromancy
 - Level 4.0 Translocations
 - Level 10.0 Earth Magic
 - Level 12.8 Alchemy
 - Level 8.0 Evocations


You had 3 spell levels left.
You knew the following spells:

 Your Spells              Type           Power      Damage    Failure   Level
b - Borgnjor's Vile Clut  Necr/Erth      51%        N/A       1%          5
c - Stone Arrow           Conj/Erth      100%       3d13      1%          3
d - Dispel Undead         Necr           100%       3d31      1%          4
n - Eringya's Noxious Bo  Alch           56%        4d6       1%          6
q - Apportation           Tloc           100%       N/A       1%          1
w - Passwall              Erth           100%       N/A       1%          3
x - Orb of Destruction    Conj           57%        9d14      5%          7
B - Blink                 Tloc           100%       N/A       1%          2
T - Irradiate             Conj/Alch      56%        3d30      1%          5
X - Iskenderun's Mystic   Conj/Tloc      96%        2d19      1%          4
Z - Sublimation of Blood  Necr           100%       N/A       1%          2

Your spell library contained the following spells:

 Spells                   Type           Power      Damage    Failure   Level
 Kiss of Death            Conj/Necr      100%       2d13      0%          1
 Magic Dart               Conj           100%       1d8       0%          1
 Searing Ray              Conj           100%       2d8       0%          2
 Freeze                   Ice            100%       1d10      1%          1
 Necrotise                Necr           100%       1d9       1%          1
 Sandblast                Erth           100%       2d20      1%          1
 Shock                    Conj/Air       100%       1d9       1%          1
 Slow                     Hex            100%       N/A       1%          1
 Summon Small Mammal      Summ           100%       N/A       1%          1
 Call Imp                 Summ           76%        N/A       1%          2
 Ensorcelled Hibernation  Hex/Ice        76%        N/A       1%          2
 Jinxbite                 Hex            76%        N/A       1%          2
 Lesser Beckoning         Tloc           100%       N/A       1%          2
 Fugue of the Fallen      Necr           100%       N/A       1%          3
 Gell's Gravitas          Tloc           72%        N/A       1%          3
 Hailstorm                Conj/Ice       86%        3d14      1%          3
 Teleport Other           Tloc           72%        N/A       1%          3
 Vampiric Draining        Necr           100%       2d13      1%          3
 Call Canine Familiar     Summ           38%        N/A       3%          3
 Confusing Touch          Hex            38%        N/A       3%          3
 Frozen Ramparts          Ice            76%        1d12      3%          3
 Ozocubu's Armour         Ice            38%        N/A       3%          3
 Sigil of Binding         Hex            38%        N/A       3%          3
 Swiftness                Air            38%        N/A       3%          3
 Anguish                  Hex/Necr       39%        N/A       1%          4
 Animate Armour           Summ/Erth      100%       N/A       1%          4
 Animate Dead             Necr           100%       N/A       1%          4
 Brom's Barrelling Bould  Conj/Erth      100%       2d11      1%          4
 Fulminant Prism          Conj/Alch      56%        3d24      1%          4
 Martyr's Knell           Necr/Summ      78%        N/A       1%          4
 Petrify                  Alch/Erth      100%       N/A       1%          4
 Alistair's Intoxication  Alch           75%        N/A       1%          5
 Curse of Agony           Necr           100%       N/A       1%          5
 Iskenderun's Battlesphe  Conj           100%       2d15      1%          5
 Lee's Rapid Deconstruct  Erth           51%        3d24*     1%          5
 Fireball                 Conj/Fire      43%        3d17      2%          5
 Death Channel            Necr           51%        N/A       3%          6
 Airstrike                Air            19%        2d(3-19)  12%         4
 Summon Blazeheart Golem  Fire/Summ      38%        N/A       12%         4
 Summon Lightning Spire   Summ/Air       38%        N/A       12%         4
 Conjure Ball Lightning   Conj/Air       43%        3x3d15    14%         6
 Sculpt Simulacrum        Ice/Alch       43%        N/A       14%         6
 Metabolic Englaciation   Hex/Ice        19%        N/A       34%         5
 Dispersal                Tloc           36%        N/A       36%         6
 Summon Hydra             Summ           19%        N/A       100%        7
 Discord                  Hex            19%        N/A       100%        8
 Disjunction              Tloc           36%        N/A       100%        8


Dungeon Overview and Level Annotations

Branches:
Dungeon (15/15)            Temple (0/1) D:4            Lair (5/5) D:11
  Swamp (4/4) Lair:3        Snake (4/4) Lair:3        Slime (0/5) Lair:5
    Orc (2/2) D:9             Elf (3/3) Orc:2        Vaults (0/5) D:14
 Depths (4/4) D:15            Zot (5/5) Depths:4      IceCv (visited)

Shops:
D:5 :   Orc:2 **:(*   Snake:1 *   Depths:3 (

Portals:
Hell: Depths:1 Depths:2 Depths:4
Abyss: D:7 Depths:3
Pandemonium: Orc:2 Depths:2 Depths:4
Ziggurat: Depths:3

Annotations:
Depths:3 exclusion: 2 doors


Innate Abilities, Weirdness & Mutations

You have an increased reservoir of magic. (+10% MP)
You shall have no god before yourself.
Your divine heritage dramatically boosts your attributes as you level up.
You have supernaturally acute eyesight. (SInv)


Message History

You fly up into the air.
The Killer Klown shouts!
You hear a roar!
You block the Killer Klown's attack. You block the Orb Guardian's attack.
An Orb Guardian comes into view.
Blink to where?
Press: ? - help, Dir - move target A Killer Klown, an orb of fire, 9 draconians and a tentacled monstrosity come into view.
The Killer Klown is wielding a +10 club of freezing.
A white draconian is wielding a +0 short sword of flaming.
A black draconian knight is wielding a +2 battleaxe of electrocution.
As you read the scroll of blinking, it crumbles to dust.
The yellow draconian annihilator spits acid at you.
The glob of acid misses you.
A white draconian comes into view. It is wielding a +0 flail.
The tentacled monstrosity tentacle-slaps you.
You block the tentacled monstrosity's attack.
The tentacled monstrosity tentacle-slaps you but does no damage.
The tentacled monstrosity grabs you.
The tentacled monstrosity constricts you.
The yellow draconian annihilator roars!
The white draconian roars!
The black draconian knight roars!
The yellow draconian roars!
Blink to where?
Press: ? - help, Dir - move target The tentacled monstrosity's grasp on you weakens, but your attempt to escape fails.
As you read the scroll of blinking, it crumbles to dust.
You hear a roar!
You hear a shout!
A moth of wrath comes into view.
Blink to where?
Press: ? - help, Dir - move target You escape the tentacled monstrosity's grasp.
A Killer Klown, 5 Orb Guardians and a purple draconian come into view.
The Killer Klown is wielding a +10 heavy club.
As you read the scroll of blinking, it crumbles to dust.
The Killer Klown shouts!
The green draconian monk roars!
The white draconian roars!
The moth of wrath's fur bristles in rage as it notices you.
The green draconian monk slips past you!
You block the green draconian monk's attack.
The green draconian monk kicks you!
The green draconian monk tail-slaps you!
You block the green draconian monk's attack.
The black draconian knight gestures wildly while chanting.
The black draconian knight flickers and vanishes for a moment.
Blink to where?
Press: ? - help, Dir - move target 4 Orb Guardians come into view.
Found the Orb of Zot.
As you read the scroll of blinking, it crumbles to dust.
An Orb Guardian comes into view.
The Orb Guardian hits you but does no damage.
The Killer Klown blinks!
The Orb Guardian pulls the alarm!
The alarm trap emits a blaring wail!
A sentinel's mark forms upon you.
You hear a shout!
You hear a deafening roar!
You hear a shout!
You hear a chilling moan.
You hear a deafening roar!
You hear a shout! x4
You hear a horrible gurgling sound!
You hear a shout!
You hear a chilling moan.
Unknown command.
Blink to where?
Press: ? - help, Dir - move target An Orb Guardian comes into view.
As you read the scroll of blinking, it crumbles to dust.
You pick up the Orb of Zot!
The Orb lets out an ear-shattering shriek!
The lords of Pandemonium are not amused.
Beware!
Now all you have to do is get back out of the dungeon!
You block the Orb Guardian's attack.
The Orb Guardian fails to trigger a net trap.
The Orb Guardian hits you!!
You enter a permanent teleport trap!
Your surroundings suddenly seem different. 2 Killer Klowns, an Orb Guardian, 2 dread liches, a golden dragon, 2 moths of wrath and a tentacled monstrosity come into view.
A Killer Klown is wielding a +10 antimagic club.
Found a scroll of enchant armour.
The Killer Klown blinks!
The tentacled monstrosity fails to trigger a net trap.
The moth of wrath bites you.
Okay, then.
Press: ? - help, v - describe, . - travel The floor, spattered with blood.
This square is covered in magical glow.
The Killer Klown blinks!
Found a hand axe.
You block the moth of wrath's attack. The Killer Klown pies you viciously!
You block the klown pie.
The moth of wrath goads the Orb Guardian on!
The Orb Guardian goes berserk!
The Killer Klown pies you viciously!
The klown pie is repelled.
You enter a permanent teleport trap!
Your surroundings suddenly seem different.
An electric golem, an orb of fire, 2 Killer Klowns, a death cob, a tentacled monstrosity and a quicksilver dragon come into view.
A Killer Klown is wielding a +9 club of electrocution.
A Killer Klown is wielding a +8 club of distortion.
Found 13 stones.
A malevolent force fills the Realm of Zot... and a teleportation trap spontaneously manifests!
You are yanked towards some nearby monsters!
Your surroundings suddenly seem different.
An Orb Guardian and a Killer Klown come into view.
The Killer Klown is wielding a +8 club of flaming.
An electric golem comes into view.
The Killer Klown barely misses you.
The Killer Klown blinks!
The Killer Klown moves out of view. x2
Unknown command.
The electric golem blinks!
The Orb Guardian enters a dispersal trap!
The Orb Guardian blinks! x2; The Killer Klown blinks!
The Orb Guardian blinks! x2
The quicksilver dragon blinks!
The Orb Guardian blinks!
The orb of fire blinks!
The Orb Guardian blinks! x2; The electric golem blinks!
The electric golem crackles and sizzles.
The electric golem blinks!
The electric golem hurls lightning at you.
The bolt of lightning hits you! You resist.
The ancient lich completely misses you.
The electric golem attacks as it pursues you!
The electric golem hits you but does no damage.
You block the electric golem's attack. The electric golem closely misses you.
The electric golem hits you! You block the electric golem's attack.
The electric golem hits you! The electric golem shocks you. You resist.
The electric golem hits you.
The electric golem hits you but does no damage.
The Orb Guardian completely misses you.
Cast which spell? (? or * to list)
You feel a surge of power!
You erupt in a blast of force!
The mystic blast hits the electric golem!
The electric golem is lightly damaged.
The electric golem is knocked back by the mystic blast.
The mystic blast hits the ancient lich but does no damage.
The mystic blast hits the tentacled monstrosity.
The tentacled monstrosity is lightly wounded.
The tentacled monstrosity is knocked back by the mystic blast.
The tentacled monstrosity collides with the Orb Guardian!
The Orb Guardian is lightly wounded.
The tentacled monstrosity is lightly wounded.
The mystic blast hits the Orb Guardian.
The Orb Guardian is lightly wounded.
The Orb Guardian is knocked back by the mystic blast.
The Orb Guardian collides with the ancient lich!
The Orb Guardian is lightly wounded.
The mystic blast hits the death cob!!
The death cob is moderately damaged.
The death cob is knocked back by the mystic blast.
The death cob collides with the tentacled monstrosity!
The tentacled monstrosity is lightly wounded.
The Killer Klown blinks! x2
The death cob hits you but does no damage.
Cast which spell? (? or * to list)
You feel a surge of power!
You erupt in a blast of force!
The mystic blast hits the Orb Guardian!
The Orb Guardian is moderately wounded.
The mystic blast hits the tentacled monstrosity!!
The tentacled monstrosity is moderately wounded.
The tentacled monstrosity is knocked back by the mystic blast.
The tentacled monstrosity collides with the Orb Guardian!
The Orb Guardian is lightly wounded.
The tentacled monstrosity is moderately wounded.
The mystic blast hits the ancient lich!
The ancient lich is lightly damaged.
The ancient lich is knocked back by the mystic blast.
The ancient lich collides with the Orb Guardian!
The Orb Guardian is heavily wounded.
The mystic blast hits the death cob!!
The death cob is heavily damaged.
The death cob is knocked back by the mystic blast.
The death cob collides with the tentacled monstrosity!
The death cob is heavily damaged.
The Killer Klown blinks!
The death cob hits you but does no damage.
The Killer Klown blinks!
The Killer Klown completely misses you.
The electric golem blinks!
The Killer Klown blinks!
The death cob closely misses you.
The Orb Guardian hits you but does no damage.
A moth of wrath comes into view.
You enter a permanent teleport trap!
Your surroundings suddenly seem different.
The electric golem hurls lightning at you.
The bolt of lightning hits you! You resist.
The Killer Klown blinks!
The Orb Guardian hits you but does no damage.
You hear a loud "Zot"!
The Orb Guardian hits you!
As you read the scroll of teleportation, it crumbles to dust.
You feel strangely unstable.
You feel the Orb delaying your translocation!
You block the Orb Guardian's attack.
Read: 3 scrolls of fear
Press: ? - help, Dir - look around, f - activate Look: an Orb Guardian (chance to affect: 29%)
Okay, then.
As you read the scroll of butterflies, it crumbles to dust.
You hear the flapping of tiny wings.
The Orb Guardian is knocked back by the sudden gust. x4
The Orb Guardian completely misses your butterfly.
The electric golem completely misses your butterfly.
The electric golem hits your butterfly!
Your butterfly dies!
Your butterfly disappears in a burst of colours!
The Orb Guardian completely misses your butterfly.
The Orb Guardian hits your butterfly.
Your butterfly dies!
Your butterfly disappears in a burst of colours!
The Orb Guardian hits your butterfly!!
Your butterfly dies!
Your butterfly disappears in a burst of colours!
You feel much better. The Orb Guardian hits your butterfly!
Your butterfly dies!
Your butterfly disappears in a burst of colours!
Something misses your butterfly.
An Orb Guardian comes into view.
The orb of fire glows bright magenta.
The bolt of fire hits your butterfly!!!
Your butterfly dies!
Your butterfly disappears in a burst of colours!
The bolt of fire hits your butterfly!!!
Your butterfly dies!
Your butterfly disappears in a burst of colours!
The bolt of fire misses your butterfly. The bolt of fire hits your butterfly!!!
Your butterfly dies!
Your butterfly disappears in a burst of colours!
The bolt of fire misses your butterfly. The bolt of fire misses you.
You hear a loud "Zot"!
The power of Zot is invoked against you!
You are slowing down.
The Orb Guardian hits your butterfly!!!
Your butterfly dies!
Your butterfly disappears in a burst of colours!
The death cob closely misses your butterfly.
The moth of wrath completely misses your butterfly.
The Orb Guardian hits your butterfly.
Your butterfly dies!
Your butterfly disappears in a burst of colours!
Okay, then.
Unknown command.
You feel strangely stable.
You feel limber!
Your magical effects are unravelling.
You feel magically purged.
You feel yourself slow down.
You float gracefully downwards.
You feel a little less clever now.
Your resistance to elements expires.
The sentinel's mark upon you fades away.
Your enlightenment fades.
The death cob barely misses your butterfly.
The Killer Klown blinks!
The Orb Guardian completely misses your butterfly.
The death cob completely misses your butterfly.
You hear a loud "Zot"!
The Orb Guardian hits your butterfly!!
Your butterfly dies!
Your butterfly disappears in a burst of colours!
The Orb Guardian hits your butterfly!!!
Your butterfly dies!
Your butterfly disappears in a burst of colours!
The Orb Guardian enters a dispersal trap!
The Orb Guardian blinks!
Your butterfly blinks!
The electric golem blinks!
The Orb Guardian blinks! x2
Your butterfly blinks!
The Orb Guardian blinks!
Your butterfly blinks!
The Orb Guardian blinks!
Your butterfly blinks! x6
The Orb Guardian blinks!
The tentacled monstrosity blinks!
The Orb Guardian blinks!
The ancient lich blinks!
Your butterfly blinks! x3
You hear a loud "Zot"!
Your butterfly blinks! x2
The Killer Klown blinks!
Your butterfly blinks! x9
You blink.
Search for what [Enter for "tele", or ? for help]? tele You feel yourself speed up.
The Killer Klown shouts!
The Orb Guardian barely misses your butterfly.
The Orb Guardian hits your butterfly!!!
Your butterfly dies!
Your butterfly disappears in a burst of colours!
The Killer Klown misses your butterfly.
You hear a loud "Zot"!
The moth of wrath completely misses your butterfly.
The Orb Guardian hits your butterfly!!
Your butterfly dies!
Your butterfly disappears in a burst of colours!
Something hits your butterfly!
Your butterfly dies!
Your butterfly disappears in a burst of colours!
The Killer Klown blinks!
The quicksilver dragon breathes dispelling energy at you.
The bolt of dispelling energy hits your butterfly!!
Your butterfly dies!
Your butterfly disappears in a burst of colours!
The bolt of dispelling energy hits you!!
Your magical effects are unravelling.
* * * LOW HITPOINT WARNING * * *
You feel protected.
You feel yourself slow down.
The orb of fire emits a lurid red light.
Your butterfly twists and deforms.
You hear a loud "Zot"!
The Orb Guardian completely misses your butterfly.
The moth of wrath goads the Orb Guardian on!
The Orb Guardian goes berserk!
The Killer Klown misses your butterfly.
The electric golem blinks!
Cast which spell? (? or * to list)
You blink.
The Orb Guardian hits your butterfly!!
Your butterfly dies!
Your butterfly disappears in a burst of colours!
The Killer Klown blinks!
The ancient lich mumbles some strange words.
The ancient lich seems to speed up.
You hear a loud "Zot"!
The golden dragon bites your butterfly!!
Your butterfly dies!
Your butterfly disappears in a burst of colours!
The Orb Guardian hits your butterfly!
Your butterfly dies!
Your butterfly disappears in a burst of colours!
The dread lich casts a spell.
The dread lich flickers and vanishes for a moment.
The Orb Guardian hits your butterfly!
Your butterfly dies!
Your butterfly disappears in a burst of colours!
Something closely misses your butterfly.
The Orb Guardian barely misses your butterfly.
Okay, then.
Okay, then.
Okay, then.
Okay, then.
Press: ? - help, v - describe, . - travel
Here: an Orb Guardian (heavily wounded)
The floor.
Cast which spell? (? or * to list)
Okay, then.
Cast which spell? (? or * to list)
You erupt in a blast of force!
The mystic blast hits the Orb Guardian but does no damage.
The mystic blast hits the Orb Guardian!
The Orb Guardian is lightly wounded.
The mystic blast hits your butterfly!
You kill your butterfly!
Your butterfly disappears in a burst of colours!
The mystic blast hits the Orb Guardian!
The Orb Guardian is heavily wounded.
The mystic blast hits the Killer Klown.
The Killer Klown is lightly wounded.
The Killer Klown is knocked back by the mystic blast.
The Killer Klown collides with your butterfly!
You kill your butterfly!
Your butterfly disappears in a burst of colours!
The mystic blast hits the Orb Guardian!!
The Orb Guardian is lightly wounded.
The Orb Guardian is knocked back by the mystic blast.
The mystic blast hits the quicksilver dragon!
The quicksilver dragon is lightly wounded.
The mystic blast hits the electric golem!
The electric golem is lightly damaged.
The ancient lich touches your butterfly.
Your butterfly dies!
Your butterfly disappears in a burst of colours!
The electric golem blinks!
You block the quicksilver dragon's attack. x2
You block the Orb Guardian's attack. The electric golem hits you!
* * * LOW HITPOINT WARNING * * *
The electric golem shocks you. You resist.
* * * LOW HITPOINT WARNING * * *
The electric golem hits you!
* * * LOW HITPOINT WARNING * * *
The electric golem shocks you. You resist.
* * * LOW HITPOINT WARNING * * *
The electric golem hits you but does no damage. x2
The Killer Klown blinks!
The moth of wrath goads the Orb Guardian on!
The Orb Guardian goes berserk!
The moth of wrath goads the Orb Guardian on!
The Orb Guardian goes berserk!
The moth of wrath goads the Orb Guardian on!
The Orb Guardian goes berserk!
The Killer Klown hits your butterfly with a +8 club of distortion!
Your butterfly dies!
Your butterfly disappears in a burst of colours!
The dread lich casts a spell.
The Orb Guardian completely misses your butterfly.
The electric golem blinks!
The Orb Guardian hits your butterfly.
Your butterfly dies!
Your butterfly disappears in a burst of colours!
The quicksilver dragon bites you!
* * * LOW HITPOINT WARNING * * *
The quicksilver dragon closely misses you.
The Killer Klown blinks!
The Orb Guardian hits you!!
* * * LOW HITPOINT WARNING * * *
Cast which spell? (? or * to list)
You erupt in a blast of force!
The mystic blast hits the orb of fire but does no damage.
The mystic blast hits the Orb Guardian!
The Orb Guardian is lightly wounded.
The Orb Guardian is knocked back by the mystic blast.
The mystic blast hits your butterfly!
You kill your butterfly!
Your butterfly disappears in a burst of colours!
The mystic blast hits the death cob!
The death cob is heavily damaged.
The death cob is knocked back by the mystic blast.
The death cob collides with the moth of wrath!
The moth of wrath is lightly wounded.
The death cob is heavily damaged.
The mystic blast hits the tentacled monstrosity!!
The tentacled monstrosity is heavily wounded.
The mystic blast hits the moth of wrath!!
The moth of wrath is heavily wounded.
The moth of wrath is knocked back by the mystic blast.
The moth of wrath collides with the golden dragon!
The golden dragon is lightly wounded.
The moth of wrath is severely wounded.
The mystic blast hits the Orb Guardian.
The Orb Guardian is heavily wounded.
The Orb Guardian is knocked back by the mystic blast.
The mystic blast hits the Orb Guardian!!
The Orb Guardian is moderately wounded.
The Orb Guardian is knocked back by the mystic blast.
The mystic blast hits the Orb Guardian.
The Orb Guardian is lightly wounded.
The Orb Guardian is knocked back by the mystic blast.
The mystic blast hits the Orb Guardian!
The Orb Guardian is lightly wounded.
The Orb Guardian is knocked back by the mystic blast.
The Orb Guardian collides with the moth of wrath!
The moth of wrath is almost dead.
The Orb Guardian is moderately wounded.
The mystic blast hits the quicksilver dragon!
The quicksilver dragon is moderately wounded.
The quicksilver dragon is knocked back by the mystic blast.
The quicksilver dragon collides with the orb of fire!
The orb of fire is lightly damaged.
The quicksilver dragon is heavily wounded.
The mystic blast hits the electric golem!!
The electric golem is moderately damaged.
The electric golem is knocked back by the mystic blast.
The Orb Guardian misses your butterfly.
The Killer Klown blinks!
The electric golem hits you.
* * * LOW HITPOINT WARNING * * *
The electric golem shocks you. You resist.
* * * LOW HITPOINT WARNING * * *
The electric golem hits you but does no damage.
The electric golem closely misses you.
The electric golem hits you but does no damage.
The Orb Guardian hits your butterfly!!
Your butterfly dies!
Your butterfly disappears in a burst of colours!
The Orb Guardian hits your butterfly!!!
Your butterfly dies!
Your butterfly disappears in a burst of colours!
The Orb Guardian completely misses your butterfly.
The Orb Guardian hits your butterfly!
Your butterfly dies!
Your butterfly disappears in a burst of colours!
The Orb Guardian hits your butterfly.
Your butterfly dies!
Your butterfly disappears in a burst of colours!
The Killer Klown blinks!
The Killer Klown wrestles your butterfly with a +8 club of flaming!!
The Killer Klown burns your butterfly.
Your butterfly dies!
Your butterfly disappears in a burst of colours!
Cast which spell? (? or * to list)
You erupt in a blast of force!
The mystic blast hits the orb of fire!!
The orb of fire is moderately damaged.
The orb of fire is knocked back by the mystic blast.
The mystic blast hits the Orb Guardian!
The Orb Guardian is lightly wounded.
The Orb Guardian is knocked back by the mystic blast.
The mystic blast hits the golden dragon!
The golden dragon is moderately wounded.
The golden dragon is knocked back by the mystic blast.
The golden dragon collides with the Killer Klown!
The Killer Klown is lightly wounded.
The mystic blast hits the moth of wrath!!
You kill the moth of wrath!
The mystic blast hits the electric golem!
The electric golem is moderately damaged.
The electric golem is knocked back by the mystic blast.
The mystic blast hits the moth of wrath!
The moth of wrath is heavily wounded.
The moth of wrath is knocked back by the mystic blast.
The mystic blast hits the Orb Guardian!
The Orb Guardian is severely wounded.
The Orb Guardian is knocked back by the mystic blast.
The mystic blast hits the Orb Guardian!
The Orb Guardian is moderately wounded.
The mystic blast hits the Orb Guardian but does no damage.
The Orb Guardian is lightly wounded.
The mystic blast hits the Orb Guardian but does no damage.
The Orb Guardian is moderately wounded.
The mystic blast hits the death cob!!
The death cob is almost destroyed.
The death cob is knocked back by the mystic blast.
The mystic blast hits the tentacled monstrosity!
The tentacled monstrosity is severely wounded.
The tentacled monstrosity is knocked back by the mystic blast.
The mystic blast hits the quicksilver dragon!
The quicksilver dragon is severely wounded.
The quicksilver dragon is knocked back by the mystic blast.
The quicksilver dragon collides with the orb of fire!
The orb of fire is moderately damaged.
The quicksilver dragon is severely wounded.
You feel ready to blink again. You block the Orb Guardian's attack.
The Orb Guardian barely misses you. The Orb Guardian hits you!!
You die...

**,^........^.p..§......▓▓
*,,.................^....▓ ▓▓▓▓▓▓
*,,.............y.p......▓▓▓Xb...
**,............§...XX9...▓▓.b....
**......(.§....b.......^▓Xbb....
*▓...........(zL^X.....XXb§q.X^
**.............§..b..X.X▓.^...XX
**,..........b.X..X......▓▓......
*,,.......^..L.X@D*XbbX..▓▓▓.....
*,,........2LXD..XX.b.X..# ▓▓▓▓▓▓
**,..........p..X......p##
**...................▓##
**,,,,,.........X▓▓▓▓
**,,,,^##▓▓▓▓▓▓▓▓▓▓▓#
**,^..............^..###
**,..........§....##....##
**....^.............###...#######


You could see an orb of fire (ally target), 3 Killer Klowns, an electric golem
(ally target), 2 tentacled monstrosities, a golden dragon, an ancient lich
(fast), 2 dread liches, a death cob, a quicksilver dragon, a hell beast
(summoned), 13 Orb Guardians and a moth of wrath (ally target).

Vanquished Creatures
  2 dread liches
  An orb of fire (Zot:1)
  2 juggernauts (Depths:4)
  A shard shrike (IceCv)
  A Killer Klown (Zot:4)
  2 curse toes
  A golden dragon (Zot:5)
  4 electric golems
  10 tentacled monstrosities
  5 liches
  A quicksilver dragon (Zot:5)
  7 Orb Guardians (Zot:5)
  2 deep elf master archers (Elf:3)
  A sphinx (Depths:2)
  An Executioner (Abyss:3)
  2 deep elf blademasters (Elf:3)
  10 death cobs
  Gastronok (Lair:2)
  A thorn hunter (Swamp:3)
  8 shadow dragons
  Kirke (Lair:4)
  10 storm dragons
  A tengu reaver (Depths:2)
  3 daevas (Abyss:3)
  5 draconian monks
  4 draconian knights
  A fenstrider witch (Swamp:4)
  The ghost of mif the Severer, a journeyman MiBe of Trog (Snake:1)
  2 nagarajas
  9 fire giants
  3 deep elf elementalists (Elf:3)
  Louise (Swamp:1)
  2 draconian scorchers
  5 draconian shifters
  3 ghost moths
  5 deep elf sorcerers (Elf:3)
  A frost giant (Depths:1)
  2 caustic shrike zombies
  An angel (Abyss:3)
  A cacodemon (Abyss:3)
  4 draconian stormcallers
  5 draconian annihilators
  A juggernaut skeleton (Depths:3)
  A caustic shrike skeleton (Depths:3)
  9 very ugly things
  5 vampire knights
  6 green draconians
  3 deep elf demonologists (Elf:3)
  Nessos (Lair:5)
  10 purple draconians
  7 stone giants
  13 red draconians
  4 black draconians
  10 yellow draconians
  3 deep elf annihilators (Elf:3)
  5 deep elf death magi
  13 white draconians
  Snorg (Lair:5)
  5 bunyips
  3 green deaths
  3 jiangshi (Depths:2)
  Josephine (D:11)
  6 fire dragons
  6 ettins
  2 deep elf high priests (Elf:3)
  7 ice dragons
  The ghost of yakattack the Skirmisher, a journeyman DgHu (D:9)
  Erolcha (D:11)
  10 hydras
  3 demonspawn (Orc:2)
  3 rakshasas
  4 spriggan air magi
  Fannar (Lair:3)
  2 ogre magi (D:15)
  A ghost crab (Swamp:4)
  A salamander tyrant (Snake:4)
  2 catoblepae
  2 ironbound frosthearts (IceCv)
  8 alligators
  9 anacondas
  2 centaur warriors
  A merfolk avatar (Lair:5)
  5 dancing weapons
  A demonic crawler (Abyss:3)
  3 naga warriors
  3 death yaks (Lair:4)
  14 two-headed ogres
  6 spriggan berserkers
  6 orc high priests (Orc:2)
  5 boulder beetles
  2 deep troll shamans (Depths:2)
  2 vampire magi
  2 thrashing horrors (Swamp:4)
  4 tengu warriors
  2 holy swine (Abyss:3)
  4 deep troll earth magi
  3 deep elf knights
  10 naga sharpshooters
  2 sun demons (Depths:4)
  Sonja (D:11)
  4 shock serpents
  A soul eater (Depths:1)
  A hell knight (Depths:4)
  A shadow wraith (Depths:3)
  5 iron trolls
  4 salamander mystics
  A skyshark (Lair:5)
  A golden dragon zombie (Depths:2)
  A sea snake (shapeshifter) (Depths:1)
  5 goliath frogs
  2 sixfirhies
  4 flayed ghosts
  4 deep trolls
  6 mana vipers
  An arcanist (D:14)
  2 sea snakes (Lair:5)
  2 large abominations (Abyss:3)
  A storm dragon skeleton (Depths:1)
  15 skeletal warriors
  6 swamp dragons (Swamp:4)
  3 naga ritualists
  2 deep elf archers
  9 bog bodies
  A lindwurm (shapeshifter) (Depths:1)
  An orange crystal statue (IceCv)
  11 deep elf pyromancers
  An iron dragon zombie (Depths:3)
  A glowing orange brain (Depths:4)
  5 orc knights
  A lindwurm (D:14)
  6 orc sorcerers (Orc:2)
  A harpy (Lair:5)
  10 deep elf zephyrmancers
  6 manticores
  3 necromancers
  12 salamanders
  7 cyclopes
  A salamander (shapeshifter) (D:13)
  Maurice (Orc:2)
  19 moths of wrath
  2 will-o-the-wisps
  A stone giant zombie (Depths:1)
  A wolf spider (D:9)
  A faun (shapeshifter) (Depths:1)
  A stone giant skeleton (Depths:1)
  A moth of wrath (shapeshifter) (Elf:2)
  33 ugly things
  Joseph (Lair:1)
  6 elephants (Lair:3)
  6 meliai
  2 frost giant skeletons
  A guardian serpent (shapeshifter) (D:7)
  2 orange demons
  A rust devil (Depths:3)
  28 black mambas
  The ghost of jagoly the Apothecary, a novice NaAl of Ignis (D:7)
  2 apocalypse crabs (Abyss:3)
  4 guardian serpents (Snake:1)
  3 kobold blastminers
  8 naga magi
  An elephant (shapeshifter) (Depths:3)
  19 cane toads
  A torpor snail (Lair:2)
  A gargoyle (D:10)
  25 rime drakes
  An unseen horror (shapeshifter) (D:15)
  An efreet (D:13)
  An unseen horror (D:10)
  10 komodo dragons
  A freezing wraith (D:14)
  An ancient zyme (D:7)
  6 yaktaurs (D:15)
  An ice devil (Orc:2)
  2 tengu conjurers
  6 trolls
  17 polar bears
  A wind drake (Lair:5)
  Prince Ribbit (D:5)
  8 hornets
  Grinder (D:6)
  19 blink frogs
  8 tyrant leeches
  A glass eye (Depths:1)
  6 dream sheep (Lair:2)
  A snapping turtle (Lair:5)
  2 air elementals
  2 vampires
  25 slime creatures
  8 shadows
  5 wyverns
  A water elemental (Elf:3)
  3 ynoxinuls
  A fire elemental (Elf:3)
  7 spriggans
  3 wraiths (D:11)
  47 yaks
  5 wargs
  3 hogs (Lair:4)
  4 steam dragons
  2 basilisks
  7 vampire mosquitoes
  14 swamp worms
  An acid dragon (shapeshifter) (Elf:2)
  2 small abominations
  28 nagas
  A swamp drake (Lair:3)
  Duvessa (D:5)
  35 orc warriors
  13 water moccasins
  6 ice beasts
  4 black bears
  A sky beast (D:7)
  9 ogres
  2 laughing skulls (D:14)
  27 wolves
  5 centaurs
  A phantom (D:6)
  A kobold brigand (D:11)
  4 gnoll sergeants
  An earth elemental (Elf:2)
  14 bullfrogs
  A scorpion (D:6)
  9 wights
  Dowan (D:5)
  9 killer bees
  An electric eel (Lair:1)
  2 vampire bats (Lair:4)
  2 howler monkeys (D:9)
  A bombardier beetle (D:4)
  3 hounds
  9 jellies
  20 orc priests
  2 sleepcaps (D:7)
  A gnoll bouda (D:7)
  Ijyb (D:4)
  2 iguanas
  25 orc wizards
  7 hell rats
  9 gnolls
  8 adders
  2 shadow imps
  2 white imps (D:7)
  2 ufetubi (D:4)
  A ribbon worm (D:4)
  5 dart slugs
  60 orcs
  4 endoplasms
  10 giant cockroaches
  10 hobgoblins
  4 quokkas
  5 ball pythons
  14 bats
  A frilled lizard (D:3)
  9 goblins
  14 kobolds
  6 rats
1354 creatures vanquished.

Vanquished Creatures (others)
  A deep elf knight (Elf:2)
  A manticore (D:14)
  A moth of wrath (Zot:4)
  2 hobgoblins (D:4)
  340 fulminant prisms
345 creatures vanquished.

Grand Total: 1699 creatures vanquished

Notes
Turn   | Place    | Note
-------+----------+-------------------------------------------
     0 | D:1      | jagoly the Demigod Conjurer began the quest for the Orb.
     0 | D:1      | Reached XP level 1. HP: 14/14 MP: 5/5
   210 | D:1      | Reached XP level 2. HP: 22/22 MP: 1/7
   259 | D:1      | Learned a level 2 spell: Searing Ray
   700 | D:1      | Reached skill level 1 in Fighting
   788 | D:1      | Reached XP level 3. HP: 28/28 MP: 5/8
  1868 | D:3      | Reached XP level 4. HP: 29/35 MP: 1/9
  2032 | D:3      | Identified the +2 sling of Tasy {freeze, rC+}
  2738 | D:4      | Reached skill level 5 in Conjurations
  2847 | D:4      | Reached XP level 5. HP: 41/41 MP: 7/10
  2984 | D:4      | Noticed Ijyb
  2991 | D:4      | Killed Ijyb
  3195 | D:4      | Reached XP level 6. HP: 48/48 MP: 4/11
  3600 | D:4      | Found a staircase to the Ecumenical Temple.
  3702 | D:5      | Entered Level 5 of the Dungeon
  3804 | D:5      | Found Feackeu's Tiny Tomes.
  3834 | D:5      | Noticed Prince Ribbit
  3843 | D:5      | Killed Prince Ribbit
  3955 | D:5      | Noticed Duvessa
  3955 | D:5      | Noticed Dowan
  4038 | D:5      | Reached XP level 7. HP: 52/55 MP: 10/13
  4099 | D:5      | Killed Duvessa
  4104 | D:5      | Killed Dowan
  4105 | D:5      | Reached skill level 1 in Translocations
  4110 | D:5      | Learned a level 4 spell: Iskenderun's Mystic Blast
  4278 | D:5      | Found the +7 great mace "Undeadhunter" {deathbane, rN+}
  4555 | D:6      | Noticed Grinder
  4750 | D:6      | Killed Grinder
  4922 | D:6      | Reached XP level 8. HP: 48/61 MP: 8/15
  4983 | D:6      | Identified the +3 leather armour of the Cartwright {rF+ rC+
                  | Will+ Int+2}
  5293 | D:6      | Reached skill level 1 in Armour
  5988 | D:7      | Noticed a harpy
  5998 | D:7      | Found a transporter.
  6627 | D:7      | Noticed an ancient zyme
  6700 | D:7      | Found a transporter.
  6719 | D:7      | Found a one-way gate to the infinite horrors of the Abyss.
  6765 | D:7      | Noticed jagoly's ghost (novice NaAl)
  6897 | D:7      | Reached XP level 9. HP: 51/67 MP: 10/18
  6898 | D:7      | Reached skill level 10 in Conjurations
  8351 | D:9      | Noticed a tengu conjurer
  8358 | D:9      | Killed a tengu conjurer
  8826 | D:9      | Noticed a seven-headed hydra
  9027 | D:9      | Noticed a cyclops
  9045 | D:9      | Reached skill level 1 in Evocations
  9113 | D:9      | Noticed an eight-headed hydra
  9148 | D:9      | Found a staircase to the Orcish Mines.
  9239 | D:10     | Entered Level 10 of the Dungeon
  9355 | D:10     | Reached XP level 10. HP: 78/78 MP: 14/19
  9576 | D:10     | Noticed a two-headed ogre
 10200 | D:10     | Reached skill level 5 in Stealth
 10284 | D:10     | Noticed a two-headed ogre
 10352 | D:9      | Learned a level 4 spell: Fulminant Prism
 10373 | D:9      | Found a runed translucent door.
 10374 | D:9      | Noticed yakattack's ghost (journeyman DgHu)
 10464 | D:9      | Identified the +1 ring mail of Buroj {rElec MP+9 Int+7}
 10507 | D:9      | Killed an eight-headed hydra
 10508 | D:9      | Reached skill level 5 in Fighting
 10508 | D:9      | Reached skill level 5 in Armour
 10508 | D:9      | Reached skill level 5 in Dodging
 10508 | D:9      | Reached skill level 1 in Alchemy
 11140 | D:9      | Noticed a manticore
 11140 | D:9      | Noticed a wolf spider
 11239 | D:9      | Killed a manticore
 11342 | D:9      | Killed a cyclops
 11438 | D:9      | Killed a wolf spider
 11615 | D:9      | Identified the +0 crystal plate armour of Monotheism {rElec
                  | rF+ Int+3}
 11763 | D:9      | Killed a seven-headed hydra
 11947 | D:9      | Identified the +11 mace "Caitumyu" {protect, rElec rN+++
                  | Str+3 Int-5}
 11956 | D:9      | Noticed a centaur warrior
 11968 | D:9      | Killed a centaur warrior
 11969 | D:9      | Reached XP level 11. HP: 64/89 MP: 9/20
 12357 | D:10     | Killed a two-headed ogre
 12526 | D:10     | Killed a two-headed ogre
 12915 | D:11     | Noticed a two-headed ogre
 12925 | D:11     | Killed a two-headed ogre
 13186 | D:11     | Noticed a two-headed ogre
 13195 | D:11     | Killed a two-headed ogre
 13551 | D:11     | Reached skill level 5 in Spellcasting
 14182 | D:11     | Found a staircase to the Lair.
 14199 | D:11     | You fall into a shaft and drop 3 floors!
 14312 | D:14     | Learned a level 4 spell: Dispel Undead
 14324 | D:14     | Noticed a catoblepas
 14391 | D:14     | Reached skill level 1 in Necromancy
 14505 | D:13     | Noticed a boulder beetle
 14511 | D:13     | Noticed an orc knight
 14852 | D:12     | Noticed a boulder beetle
 14873 | D:12     | Killed a boulder beetle
 15003 | D:12     | Learned a level 2 spell: Sublimation of Blood
 15150 | D:11     | Noticed Josephine
 15162 | D:11     | Killed Josephine
 15163 | D:11     | Reached XP level 12. HP: 103/103 MP: 22/25
 15608 | D:11     | Noticed Erolcha
 15625 | D:11     | Killed Erolcha
 15626 | D:11     | Reached skill level 5 in Necromancy
 15907 | D:11     | Noticed Sonja
 15914 | D:11     | Killed Sonja
 16207 | Lair:1   | Entered Level 1 of the Lair of Beasts
 17266 | Lair:1   | Noticed Joseph
 17277 | Lair:1   | Killed Joseph
 17910 | Lair:2   | Reached skill level 1 in Throwing
 18166 | Lair:2   | Noticed Gastronok
 18619 | Lair:2   | Killed Gastronok
 18620 | Lair:2   | Reached skill level 10 in Fighting
 19281 | Lair:3   | Found a staircase to the Snake Pit.
 19285 | Lair:3   | Reached XP level 13. HP: 113/113 MP: 26/26
 19509 | Lair:3   | Noticed Fannar
 19522 | Lair:3   | Killed Fannar
 20715 | Lair:3   | Found a staircase to the Swamp.
 21793 | Lair:4   | Noticed Kirke
 21805 | Lair:4   | Killed Kirke
 23280 | Lair:5   | Entered Level 5 of the Lair of Beasts
 23937 | Lair:5   | Noticed Nessos
 24126 | D:7      | Killed jagoly's ghost
 24305 | D:7      | Learned a level 4 spell: Animate Dead
 24353 | Orc:1    | Entered Level 1 of the Orcish Mines
 24438 | Orc:2    | Entered Level 2 of the Orcish Mines
 24491 | Orc:2    | Reached skill level 1 in Shields
 24818 | Orc:1    | Noticed Maurice
 24822 | Orc:1    | Reached XP level 14. HP: 93/121 MP: 5/27
 25025 | Orc:2    | Something stole the +11 mace "Caitumyu" {protect, rElec
                  | rN+++ Str+3 Int-5}
 25027 | Orc:2    | Something stole 20 boomerangs
 25030 | Orc:2    | Killed Maurice
 25134 | Orc:2    | Found Qazouddio's General Store.
 25171 | Orc:2    | Found a staircase to the Elven Halls.
 25566 | Orc:2    | Found Ytyaclul's General Store.
 25713 | Orc:2    | Found Xen Geullaibb's General Store.
 26337 | Orc:2    | Reached skill level 5 in Shields
 27387 | Orc:2    | Found Dylank's Book Emporium.
 27387 | Orc:2    | Found Lasomod's Antique Weapon Shoppe.
 27388 | Orc:2    | Found a one-way gate leading to the halls of Pandemonium.
 27644 | Orc:2    | Bought a book of Geomancy for 450 gold pieces
 27648 | Orc:2    | Learned a level 3 spell: Stone Arrow
 28618 | Lair:5   | Noticed Snorg
 28675 | Lair:5   | Paralysed by a hornet for 3 turns
 28875 | Lair:5   | Killed Snorg
 29471 | Lair:5   | Reached skill level 1 in Earth Magic
 30072 | Lair:5   | Found a staircase to the Slime Pits.
 30174 | Lair:5   | Killed Nessos
 30245 | Lair:5   | Identified the ring of Uguelie {rN+ rCorr Int+7}
 30638 | D:9      | Killed yakattack's ghost
 31688 | D:13     | Reached skill level 5 in Earth Magic
 31791 | D:12     | Learned a level 5 spell: Borgnjor's Vile Clutch
 32224 | D:13     | Reached XP level 15. HP: 123/126 MP: 17/31
 32753 | D:13     | Learned a level 5 spell: Lee's Rapid Deconstruction
 33527 | D:14     | Found a gate to the Vaults.
 34552 | D:15     | Entered Level 15 of the Dungeon
 35466 | D:14     | Reached skill level 10 in Earth Magic
 36491 | D:15     | Found a staircase to the Depths.
 36801 | D:13     | Learned a level 3 spell: Passwall
 36948 | Snake:1  | Entered Level 1 of the Snake Pit
 37134 | Snake:1  | Found Osewa's Overcharged Wands.
 37232 | Snake:1  | Reached skill level 10 in Spellcasting
 37585 | Snake:1  | Found a runed translucent door.
 37585 | Snake:1  | Noticed mif's ghost (journeyman MiBe)
 37624 | Snake:1  | Killed mif's ghost
 37806 | Snake:2  | Reached XP level 16. HP: 83/134 MP: 15/36
 38050 | Snake:2  | Reached skill level 5 in Alchemy
 38074 | Snake:2  | You fall into a shaft and drop 1 floor!
 38622 | Snake:2  | Learned a level 6 spell: Eringya's Noxious Bog
 38926 | Snake:4  | Entered Level 4 of the Snake Pit
 39184 | Snake:4  | Identified the +1 spear "Wuywyac" {heavy, rCorr}
 39985 | Snake:4  | Got a serpentine rune of Zot
 40204 | Swamp:1  | Entered Level 1 of the Swamp
 40218 | Swamp:1  | Noticed Louise
 40241 | Swamp:1  | Killed Louise
 40525 | Swamp:2  | Identified the +0 cloak "Akyplismej" {rF+++ rCorr Str-2
                  | Dex+4}
 40646 | Swamp:2  | Found a glacial archway.
 40704 | IceCv    | Entered an ice cave
 41043 | IceCv    | Identified 2 scrolls of acquirement
 41357 | IceCv    | Noticed a shard shrike
 41360 | IceCv    | Killed a shard shrike
 41361 | IceCv    | Reached XP level 17. HP: 130/140 MP: 36/38
 41362 | IceCv    | Reached skill level 10 in Shields
 41439 | IceCv    | Acquired the +1 pair of boots of the Sea {rCorr Int+3}
 41452 | IceCv    | Acquired 241 gold pieces
 41713 | Swamp:4  | Entered Level 4 of the Swamp
 42435 | Swamp:4  | Reached skill level 10 in Alchemy
 42849 | Swamp:4  | Noticed a tentacled monstrosity
 42856 | Swamp:4  | Killed a tentacled monstrosity
 42863 | Swamp:4  | Learned a level 5 spell: Irradiate
 42922 | Swamp:4  | Got a decaying rune of Zot
 43386 | Orc:2    | Bought a tin of tremorstones (2/2) for 720 gold pieces
 43386 | Orc:2    | Bought a scroll of teleportation for 54 gold pieces
 43418 | Orc:2    | Bought a scroll of identify for 24 gold pieces
 43418 | Orc:2    | Bought a scroll of identify for 24 gold pieces
 43418 | Orc:2    | Bought a potion of mutation for 96 gold pieces
 43424 | Orc:2    | Bought a wand of acid (3) for 138 gold pieces
 43424 | Orc:2    | Bought a potion of curing for 33 gold pieces
 43619 | Depths:1 | Entered Level 1 of the Depths
 43781 | Depths:2 | You fall into a shaft and drop 1 floor!
 43781 | Depths:3 | Found Mirph's Weapon Shoppe.
 43781 | Depths:3 | Found a one-way gateway to a ziggurat.
 43852 | Depths:2 | Paralysed by a sphinx for 5 turns
 44134 | Elf:1    | Entered Level 1 of the Elven Halls
 44293 | Elf:2    | Paralysed by an air elemental for 1 turns
 44542 | Elf:3    | Entered Level 3 of the Elven Halls
 45342 | Elf:3    | Identified the +9 great sword "Wuto" {pain, Int+2}
 45393 | Elf:3    | Noticed a deep elf blademaster
 45401 | Elf:3    | Killed a deep elf blademaster
 45664 | Elf:3    | Noticed a deep elf blademaster
 45674 | Elf:3    | Killed a deep elf blademaster
 45675 | Elf:3    | Reached XP level 18. HP: 117/149 MP: 5/39
 45875 | Elf:3    | Identified the +2 plate armour of Dim Light {rF+ rC+ Str+4
                  | Int-3}
 45881 | Elf:3    | Identified the +10 storm dragon scales of Purpose {rElec
                  | Str+5}
 47068 | Depths:2 | Found a gateway to Hell.
 48077 | Depths:1 | Identified the +0 rapier of Grandeur {venom, Str+2 Int+2}
 48327 | Depths:1 | Gained mutation: Potions are less effective at restoring
                  | your health. [a shining eye]
 48717 | Depths:1 | Reached skill level 10 in Armour
 48717 | Depths:1 | Reached skill level 10 in Dodging
 49942 | Depths:3 | Voluntarily entered the Abyss.
 49950 | Depths:3 | Escaped the Abyss
 49952 | Depths:3 | Voluntarily entered the Abyss.
 49980 | Abyss:3  | Learned a level 1 spell: Apportation
 50099 | Abyss:3  | Got an abyssal rune of Zot
 50115 | Abyss:3  | Lost mutation: Potions are less effective at restoring your
                  | health. [potion of mutation]
 50115 | Abyss:3  | Gained mutation: You have supernaturally acute eyesight.
                  | (SInv) [potion of mutation]
 50170 | Depths:3 | Escaped the Abyss
 50493 | Depths:3 | Reached XP level 19. HP: 66/162 MP: 3/41
 50539 | Depths:4 | Entered Level 4 of the Depths
 50719 | Depths:3 | Noticed a dread lich
 50729 | Depths:3 | Killed a dread lich
 51542 | Depths:4 | Reached skill level 5 in Evocations
 51916 | Depths:4 | Noticed a juggernaut
 51937 | Depths:4 | Killed a juggernaut
 51962 | Depths:4 | Noticed a juggernaut
 51977 | Depths:4 | Killed a juggernaut
 52126 | Depths:4 | Found a gate to the Realm of Zot.
 52352 | Depths:4 | Learned a level 7 spell: Orb of Destruction
 52355 | Depths:4 | Learned a level 2 spell: Blink
 52356 | Zot:1    | Entered Level 1 of the Realm of Zot
 52945 | Zot:1    | Noticed an orb of fire
 52980 | Zot:1    | Killed an orb of fire
 53368 | Zot:2    | Noticed a curse toe
 53379 | Zot:2    | Killed a curse toe
 53380 | Zot:2    | Reached skill level 10 in Necromancy
 53380 | Zot:2    | Reached skill level 1 in Maces & Flails
 53749 | Zot:3    | Reached XP level 20. HP: 151/170 MP: 15/42
 53917 | Zot:4    | Reached skill level 5 in Maces & Flails
 53922 | Zot:5    | Entered Level 5 of the Realm of Zot
 54402 | Zot:5    | Noticed a golden dragon
 54431 | Zot:5    | Killed a golden dragon
 55099 | Zot:4    | Noticed a curse toe
 55637 | Zot:5    | Reached skill level 10 in Maces & Flails
 55756 | Zot:4    | Killed a curse toe
 57434 | Zot:4    | Noticed a Killer Klown
 57488 | Zot:4    | Killed a Killer Klown
 57799 | Zot:5    | Noticed a dread lich
 57841 | Zot:5    | Killed a dread lich
 57869 | Zot:5    | Reached XP level 21. HP: 143/177 MP: 29/43
 57989 | Zot:5    | Noticed an ancient lich
 58257 | Zot:5    | Noticed a Killer Klown
 58262 | Zot:5    | Noticed a Killer Klown
 58262 | Zot:5    | Noticed an orb of fire
 58264 | Zot:5    | Noticed a Killer Klown
 58267 | Zot:5    | Got the Orb of Zot
 58268 | Zot:5    | Noticed a Killer Klown
 58268 | Zot:5    | Noticed a Killer Klown
 58268 | Zot:5    | Noticed a dread lich
 58268 | Zot:5    | Noticed a dread lich
 58268 | Zot:5    | Noticed a golden dragon
 58272 | Zot:5    | Noticed a Killer Klown
 58272 | Zot:5    | Noticed an orb of fire
 58272 | Zot:5    | Noticed a Killer Klown
 58272 | Zot:5    | Noticed a Killer Klown
 58290 | Zot:5    | HP: 8/177 [electric golem (6)]
 58291 | Zot:5    | Demolished by an Orb Guardian

Illustrated notes

Levels and vault maps discovered:
D:1:      minmay_arrival_jagged, layout_rooms
D:2:      layout_loops_ring
D:3:      layout_loops_ring, minmay_quantized
D:4:      layout_basic, nicolae_wu_jian_wuxing_cycle,
          mainiacjoe_overflow_divided_tiny, minmay_temple_entry_enclosed_plants,
          serial_library_hellmonk_hallway_b, corexii_item_surrounded_by_moat,
          minmay_misc_feat_columns, lemuel_flame_loot_1, uniq_ijyb
D:5:      layout_rooms, chequers_serial_rivers_micro_d,
          serial_library_hellmonk_recessed_alcove,
          nicolae_shop_i_like_small_books_too, uniq_duvessa, uniq_prince_ribbit1
D:6:      layout_loops_corners, nicolae_dithmenos_the_darkroom, uniq_grinder
D:7:      cheibrodos_barr_body, layout_basic, grunt_gozag_statues,
          gammafunk_ghost_abyssal_escape
D:8:      nicolae_cairo_tiling_large, layout_cave_pools,
          mainiacjoe_overflow_swirl, serial_co_window_serial,
          co_window_corner_a, co_window_corner_a, co_window_paths_a,
          co_window_corner_a, co_window_paths_a, co_window_unsneaky_path_e,
          co_window_2corner, co_window_of_opportunity_c, co_window_paths_c,
          co_window_of_opportunity_b, co_window_corner_ca, co_window_paths_d,
          glass_columns_c, glass_columns_b, glass_columns_a, glass_columns_a,
          glass_columns_c
D:9:      minmay_chopped_fan, layout_rooms, orc_0_dummy,
          ebering_ghost_inner_flame, hangedman_decor_lopped,
          minmay_misc_feat_square, kennysheep_generic_room_11
D:10:     minmay_flawed_box, layout_grid_maze, grunt_decor_cap
D:11:     layout_layer_cave, hellmonk_lair_entry_icy, uniq_sonja,
          uniq_josephine, uniq_erolcha
D:12:     layout_cave_pods
D:13:     layout_rooms, nooodl_orcs_dogs
D:14:     layout_roguey, david_vaults_4
D:15:     hellmonk_depths_entry_around_the_bend, layout_rooms
Lair:1:   layout_loops_ring, guppyfry_lair_drakes, grunt_megastairs_2,
          serial_bayou_shore_a, infiniplex_staircase_pool, uniq_joseph
Lair:2:   layout_loops_ring, serial_forest, infiniplex_forest_3_way,
          infiniplex_forest_end_3, infiniplex_forest_corner_1,
          infiniplex_forest_lined_1, infiniplex_forest_lined_1,
          infiniplex_forest_clump_small, infiniplex_forest_lined_3,
          lemuel_fruit_tree, uniq_gastronok
Lair:3:   layout_cave_pods, mainiacjoe_swamp_entry_lozenge_pond,
          minmay_snake_entry_guardpost_small, uniq_fannar
Lair:4:   layout_cave_pods, roderic_batcave, uniq_kirke
Lair:5:   gammafunk_lair_ancient_temple, layout_regular_city,
          nicolae_slime_entry_slimehenge, uniq_snorg, uniq_nessos
Swamp:1:  layout_basic_swamp, evilmike_swamp_ruin_rubble_1, uniq_louise
Swamp:2:  layout_falls_marsh, portal_ice_cave_entry_pillars_three,
          evilmike_swamp_ruin_house_6
Swamp:3:  layout_falls_marsh, nicolae_swamp_big_swirl, uniq_jorgrun
Swamp:4:  swamp_vile, layout_basic_swamp
Snake:1:  nicolae_snake_unarmed_stairs_patrol, layout_grid_shapes,
          hellmonk_ghost_happy_afterlife, nicolae_shop_overcharged_wands,
          grunt_megastairs_3
Snake:2:  layout_grid_shapes, nicolae_triple_integral
Snake:3:  layout_misc_corridors, basic_altar
Snake:4:  snake_pit, layout_cave_town
Orc:1:    layout_diamond_mine, einodemon_armed_red_devil_minivault, uniq_maurice
Orc:2:    pf_orc_diabolical, layout_caves, serial_shops,
          nicolae_shop_tiny_real_fake_doors
Elf:1:    eino_elf_arrival_customs, layout_loops_corners,
          minmay_elf_annihilation
Elf:2:    nicolae_elf_blades_crystal_corner, layout_geoelf_octagon, uniq_agnes,
          uniq_azrael
Elf:3:    elf_hall_gauntlet_wide, layout_geoelf_castle, serial_shops,
          nicolae_shop_waterfront, onia_ninara_cookie
Depths:1: layout_honeycomb, hangedman_tar_grid_catacomb, patterned_corridor,
          grunt_tough_drop
Depths:2: nicolae_BIG_FREAKIN_CUBE, layout_gridlike, hell_entry, pan_entry,
          reono_crystal_passage, kiku_gazebo_garden_becter
Depths:3: kennysheep_blocky_hall, layout_basic, enter_ziggurat_e, serial_shops,
          shop, abyss_entry, special_room [special_room_morgue],
          grunt_pan_entry_in_and_out, hell_entry, minmay_misc_feat_roman,
          infiniplex_staircase_river
Depths:4: grunt_zot_entry_alcove, layout_cross, rand_demon_pan_entry_1,
          hangedman_geh_valley, abyss_entry_small_statue_room
Zot:1:    hellmonk_crystal_mountain, layout_gridville, skrybe_zot_glass_3,
          grunt_megastairs_1, uniq_tiamat
Zot:2:    kennysheep_spiral_hall, layout_cellular_growth,
          regret_index_zotdec_stipple_waver, st_small_dragon_hoard_2,
          regret_index_zotdec_icy_dp
Zot:3:    layout_misc_corridors
Zot:4:    layout_misc_corridors, amethyst_zot_foddershock
Zot:5:    layout_onion

Skill      XL: |  1  2  3  4  5  6  7  8  9 10 11 12 13 14 15 16 17 18 19 20 |
---------------+-------------------------------------------------------------+-----
Stealth        | 2 4 5 6 8 |  8.0
Dodging        | 2 4 5 6 8 10 | 10.4
Spellcasting   | 2 4 6 8 11 12 | 12.8
Conjurations   | 4 5 6 7 8 9 10 11 12 | 12.9
Fighting       | 1 2 4 5 8 10 12 | 12.8
Translocations | 4 |  4.0
Armour         | 2 4 5 6 8 10 | 10.4
Evocations     | 2 8 |  8.0
Alchemy        | 3 4 9 12 | 12.8
Necromancy     | 4 8 10 | 10.0
Throwing       | 2 |  2.0
Shields        | 3 8 9 12 | 12.8
Earth Magic    | 5 10 | 10.0
Maces & Flails | 4 12 | 12.8

Action                     |  1- 3 |  4- 6 |  7- 9 | 10-12 | 13-15 | 16-18 | 19-21 || total
---------------------------+-------+-------+-------+-------+-------+-------+-------++-------
  Melee: Long sword        |     9 |     3 |       |       |       |       |       ||    12
         Unarmed           |     3 |       |       |       |       |       |       ||     3
         Dagger            |       |       |       |     6 |       |       |       ||     6
         Mace              |       |       |       |    13 |    20 |    18 |    13 ||    64
         Punch             |       |       |       |     1 |     1 |       |       ||     2
         Eveningstar       |       |       |       |       |       |     8 |     3 ||    11
   Fire: Sling             |       |    48 |    36 |    72 |    11 |    22 |       ||   189
  Throw: Stone             |     2 |       |       |       |       |       |       ||     2
         Dart              |       |       |       |     4 |     9 |     5 |     1 ||    19
         Throwing net      |       |       |       |     1 |       |     2 |       ||     3
         Boomerang         |       |       |       |     1 |     4 |    17 |     7 ||    29
   Cast: Magic Dart        |    88 |    11 |     4 |     5 |    69 |       |       ||   177
         Searing Ray       |     4 |    32 |    84 |   114 |   110 |       |       ||   344
         Iskenderun's Myst |       |       |     5 |    48 |   112 |    51 |    14 ||   230
         Fulminant Prism   |       |       |       |    98 |   231 |    11 |       ||   340
         Sublimation of Bl |       |       |       |     2 |    18 |   408 |   184 ||   612
         Dispel Undead     |       |       |       |       |    21 |    60 |    58 ||   139
         Stone Arrow       |       |       |       |       |   288 |   661 |   249 ||  1198
         Lee's Rapid Decon |       |       |       |       |    47 |    34 |     6 ||    87
         Borgnjor's Vile C |       |       |       |       |    31 |   307 |   120 ||   458
         Eringya's Noxious |       |       |       |       |       |     8 |    13 ||    21
         Irradiate         |       |       |       |       |       |    58 |   109 ||   167
         Apportation       |       |       |       |       |       |     1 |       ||     1
         Orb of Destructio |       |       |       |       |       |       |   102 ||   102
         Blink             |       |       |       |       |       |       |     2 ||     2
  Evoke: Wand              |       |       |     3 |     3 |       |    18 |    11 ||    35
         Tin of tremorston |       |       |       |       |       |       |     3 ||     3
         Phial of floods   |       |       |       |       |       |       |     1 ||     1
    Use: Scroll            |       |       |     2 |    11 |    13 |    35 |    18 ||    79
         Potion            |       |       |       |     2 |       |    13 |    22 ||    37
 Armour: Robe              |     8 |    27 |    15 |       |       |       |       ||    50
         Leather armour    |       |       |    82 |   175 |   323 |   391 |   448 ||  1419
  Dodge: Dodged            |    17 |    31 |    62 |   146 |   240 |   158 |   180 ||   834
         Repelled          |       |     1 |     2 |     3 |    11 |    26 |    30 ||    73
  Block: Buckler           |       |       |       |       |    74 |    30 |       ||   104
         Reflection        |       |       |       |       |     4 |       |       ||     4
         Kite shield       |       |       |       |       |       |   198 |   299 ||   497
